 Dungeon Crawl Stone Soup version 0.30.0-10-gfe55d96785 (webtiles) character file.

Game seed: 4009328257922220348

1185 Jarnaxa the Thaumaturge (level 8, -5/42 HPs)
             Began as a Deep Elf Conjurer on May 14, 2023.
             Was an Initiate of Sif Muna.
             Slain by a two-headed ogre
             ... wielding a +0 giant club
              (28 damage)
             ... on level 7 of the Dungeon.
             The game lasted 00:14:52 (6336 turns).

Jarnaxa the Thaumaturge (Deep Elf Conjurer)         Turns: 6336, Time: 00:14:53

Health: -5/42      AC:  8    Str:  4    XL:     8   Next: 19%
Magic:  19/23      EV: 12    Int: 26    God:    Sif Muna [......]
Gold:   390        SH:  0    Dex: 13    Spells: 9/25 levels left

rFire   . . .        i - +1 short sword (flame)
rCold   . . .        (no shield)
rNeg    . . .        a - +0 robe
rPois   .            (no helmet)
rElec   .            d - +1 cloak
rCorr   .            (no gloves)
SInv    .            (no boots)
Will    .....        (no amulet)
Stlth   ++           c - +4 ring of protection
HPRegen 0.27/turn    (no ring)
MPRegen 0.18/turn

%: no passive effects
@: no status effects
A: no striking features
a: Renounce Religion


You were on level 7 of the Dungeon.
You worshipped Sif Muna.
Sif Muna was noncommittal.
You visited 2 branches of the dungeon, and saw 8 of its levels.

You collected 390 gold pieces.

Inventory:

Hand Weapons
 i - a +1 short sword of flaming (weapon)
Armour
 a - a +0 robe (worn)
 d - a +1 cloak (worn)
Jewellery
 c - a +4 ring of protection (left hand)
 f - a ring of see invisible
 o - a ring of ice
Wands
 q - a wand of paralysis (3)
 s - a wand of iceblast (2)
Scrolls
 n - a scroll of fog
 p - 3 scrolls of teleportation
 r - a scroll of blinking {unknown}
 v - a scroll of identify
Potions
 b - 2 potions of flight
 e - 2 potions of cancellation
 g - 3 potions of curing
 h - a potion of resistance
 j - a potion of mutation
 k - a potion of ambrosia
 l - 2 potions of heal wounds
 m - 2 potions of lignification
 t - 2 potions of haste
 u - a potion of might {unknown}


   Skills:
 + Level 0.4 Fighting
 + Level 3.0 Dodging
 + Level 3.9 Stealth
 + Level 9.2 Spellcasting
 + Level 8.2 Conjurations
 + Level 1.1 Translocations


You had 9 spell levels left.
You knew the following spells:

 Your Spells              Type           Power      Damage    Failure   Level
a - Magic Dart            Conj           100%       1d8       1%          1
b - Searing Ray           Conj           100%       2d8       1%          2
c - Blink                 Tloc           34%        N/A       4%          2
d - Dazzling Flash        Conj/Hex       66%        N/A       2%          3
e - Iskenderun's Mystic   Conj/Tloc      36%        2d9       7%          4
f - Fulminant Prism       Conj/Hex       16%        3d10      9%          4

Your spell library contained the following spells:

 Spells                   Type           Power      Damage    Failure   Level
 Momentum Strike          Conj/Tloc      72%        3d10      1%          2
 Lesser Beckoning         Tloc           34%        N/A       4%          2
 Sublimation of Blood     Necr           12%        N/A       8%          2
 Irradiate                Conj/Tmut      16%        3d17      26%         5
 Petrify                  Tmut/Erth      12%        N/A       45%         4


Dungeon Overview and Level Annotations

Branches:
Dungeon (7/15)             Temple (1/1) D:5

Altars:
Ashenzari
Cheibriados
Dithmenos
Elyvilon
Fedhas
Gozag
Hepliaklqana
Kikubaaqudgha
Makhleb
Nemelex Xobeh
Okawaru
Qazlal
Ru
Sif Muna
Trog
Uskayaw
Vehumet
Wu Jian
Xom
Yredelemnul
Zin
The Shining One

Shops:
D:2 [   D:3 *[*


Message History

Found 17 gold pieces.
Found a stone staircase leading down.
There is a stone staircase leading up here.
You now have 390 gold pieces (gained 17).
You open the door.
A two-headed ogre comes into view.
It is wielding a +0 giant club and a +0 giant spiked club.
The two-headed ogre shouts in stereo!
You hear a shout! x2
The two-headed ogre moves out of view.
Found a scroll of teleportation. 4 wights and a kobold come into view.
Found a wand of paralysis (3) and a glowing whip.
The wight closely misses you.
The kobold throws a stone.
The stone completely misses you.
There is an open door here.
Casting: Searing Ray (safe; 1% risk of failure)
Confirm with . or Enter, or press ? or * to list all spells.
Aiming: Searing Ray (safe; 1% risk of failure)
Press: ? - help, Shift-Dir - straight line The searing ray hits the wight.
The wight is lightly damaged.
The searing ray hits the two-headed ogre.
The two-headed ogre is lightly wounded. (Press . to maintain the ray.)
The wight closely misses you.
The searing ray hits the wight.
The wight is moderately damaged.
The searing ray hits the wight.
The wight is lightly damaged.
The wight hits you from afar with a +0 halberd!
The searing ray hits the two-headed ogre!
The two-headed ogre is moderately wounded.
The searing ray hits the wight.
The wight is heavily damaged.
The searing ray hits the wight but does no damage.
The wight is lightly damaged.
The searing ray hits the wight!
The wight is heavily damaged.
The wight hits you from afar with a +0 halberd!
The two-headed ogre hits you with a +0 giant club!!
Ouch! That really hurt!
You die...

#.####..z..##..
...............
..)............
..../.z...z....
#K#### #
#########z...##..
.........zz......
.........O.......
.........@.......
........<......>.
#.####+##....##..
# #....# +#
.....# .......
........
......... .......


You could see a two-headed ogre, 4 wights and a kobold.

Vanquished Creatures
  Edmund (D:4)
  A black bear (D:5)
  2 ice beasts
  A phantom (D:5)
  A bullfrog (D:6)
  2 scorpions (D:5)
  A howler monkey (D:5)
  2 jellies
  A sleepcap (D:5)
  3 hounds
  2 orc priests
  2 iguanas
  12 adders
  A shadow imp (D:4)
  3 worms
  A dart slug (D:4)
  11 orcs
  7 bats
  7 endoplasms
  4 giant cockroaches
  2 goblins
  7 hobgoblins
  6 jackals
  5 kobolds
  2 quokkas
  9 ball pythons
  2 frilled lizards
  7 rats
105 creatures vanquished.

Notes
Turn   | Place    | Note
-------+----------+-------------------------------------------
     0 | D:1      | Jarnaxa the Deep Elf Conjurer began the quest for the Orb.
     0 | D:1      | Reached XP level 1. HP: 10/10 MP: 6/6
   368 | D:1      | Reached XP level 2. HP: 15/15 MP: 6/8
   794 | D:2      | Reached skill level 5 in Conjurations
   834 | D:2      | Found Vafoe's Armour Shoppe.
  1029 | D:2      | Reached XP level 3. HP: 19/19 MP: 6/10
  1526 | D:2      | Found an opulent altar of Gozag.
  1887 | D:2      | Learned a level 2 spell: Searing Ray
  1890 | D:2      | Learned a level 2 spell: Blink
  2150 | D:3      | Reached skill level 4 in Spellcasting
  2175 | D:3      | Reached XP level 4. HP: 21/24 MP: 7/12
  2425 | D:3      | Found Fosom's Assorted Antiques.
  2818 | D:3      | Found Dinigg's Antique Armour Emporium.
  3051 | D:3      | Found Jiumete's Assorted Antiques.
  3096 | D:3      | Reached XP level 5. HP: 28/28 MP: 7/14
  3427 | D:4      | Reached skill level 5 in Spellcasting
  3993 | D:4      | Noticed Edmund
  4011 | D:4      | Killed Edmund
  4012 | D:4      | Reached skill level 6 in Spellcasting
  4012 | D:4      | Reached XP level 6. HP: 9/32 MP: 5/17
  4273 | D:4      | Learned a level 3 spell: Dazzling Flash
  4309 | D:5      | Entered Level 5 of the Dungeon
  4309 | D:5      | Found a staircase to the Ecumenical Temple.
  4313 | D:5      | Reached skill level 1 in Translocations
  4323 | Temple   | Entered the Ecumenical Temple
  4414 | Temple   | Became a worshipper of Sif Muna the Loreminder
  4640 | D:5      | Reached skill level 7 in Spellcasting
  4640 | D:5      | Reached XP level 7. HP: 29/36 MP: 3/19
  4793 | D:5      | Learned a level 4 spell: Iskenderun's Mystic Blast
  4798 | D:5      | Learned a level 4 spell: Fulminant Prism
  5422 | D:6      | Reached skill level 8 in Spellcasting
  5676 | D:6      | Found an opulent altar of Gozag.
  5760 | D:6      | Reached XP level 8. HP: 37/42 MP: 8/22
  6062 | D:6      | Reached skill level 9 in Spellcasting
  6328 | D:7      | Noticed a two-headed ogre
  6336 | D:7      | Slain by a two-headed ogre

Illustrated notes

Levels and vault maps discovered:
D:1:      wander_arrival_fairy_ring, layout_basic
D:2:      layout_basic, serial_shops, nicolae_shop_trees, basic_altar
D:3:      layout_basic, serial_shops, shop, shop, nicolae_shop_tiny_waterfront,
          grunt_ministairs_2, minmay_snake_closets
D:4:      layout_rooms, uniq_edmund
D:5:      layout_cave_pools, minmay_temple_entry_proselytizer, nrook_mini_vaults
D:6:      layout_basic, nicolae_gozag_seed_capital
D:7:      layout_gridville, enter_bailey_3
Temple:   compressed_dpeg_circular_temple

Skill      XL: |  1  2  3  4  5  6  7  8 |
---------------+-------------------------+-----
Conjurations   | 5 6 7 8 |  8.2
Spellcasting   | 4 6 7 8 9 |  9.2
Stealth        | 3 |  3.9
Translocations | 1 |  1.1
Dodging        | 3 |  3.0
Fighting       | |  0.4

Action                     |  1- 3 |  4- 6 |  7- 9 || total
---------------------------+-------+-------+-------++-------
   Cast: Magic Dart        |    70 |    78 |    48 ||   196
         Searing Ray       |     1 |    16 |    14 ||    31
         Blink             |     1 |       |     1 ||     2
         Dazzling Flash    |       |     1 |     2 ||     3
    Use: Scroll            |       |    15 |     3 ||    18
         Potion            |       |     2 |     1 ||     3
 Armour: Robe              |     1 |     4 |     8 ||    13
  Dodge: Dodged            |     3 |    24 |    10 ||    37
